 Dungeon Crawl Stone Soup version 0.30-a0-726-gd89dcf765f (webtiles) character file.

Game seed: 12383914238148826928

1888 jimonade the Cutter (level 9, -13/48 HPs)
             Began as a Vine Stalker Brigand on Jan 29, 2023.
             Was an Initiate of Ru.
             Killed from afar by an acid dragon (21 damage)
             ... with a splash of acid
             ... on level 7 of the Dungeon.
             The game lasted 00:12:05 (6166 turns).

jimonade the Cutter (Vine Stalker Brigand)          Turns: 6166, Time: 00:12:06

Health: -13/48     AC:  8    Str: 14    XL:     9   Next: 15%
Magic:  0/13       EV: 12    Int: 11    God:    Ru [......]
Gold:   395        SH:  0    Dex: 20    Spells: 12/12 levels left

rFire   . . .      SeeInvis .    b - +2 spear (venom)
rCold   . . .      Faith    .    (no shield)
rNeg    . . .      Spirit   +    q - +0 ring mail
rPois   .          Reflect  .    m - +0 helmet
rElec   .          Harm     .    c - +1 cloak
rCorr   .          Rampage  .    (no gloves)
Will    +....                    (no boots)
Stlth   ++                       (no amulet)
HPRegen 1.08/turn                (no ring)
MPRegen 0.13/turn                (no ring)

@: no status effects
A: fangs 3, regeneration 1, magic shield, antimagic bite, no potion heal 2
a: Renounce Religion


You were on level 7 of the Dungeon.
You worshipped Ru.
Ru was noncommittal.
You visited 1 branch of the dungeon, and saw 7 of its levels.

You collected 395 gold pieces.

Inventory:

Hand Weapons
 a - a +2 dagger
 b - a +2 spear of venom (weapon)
 j - a +1 heavy sling
 r - a +1 vampiric long sword
 s - a +1 dagger of chaos
 y - a +0 rapier
 H - a +0 longbow
Missiles
 d - 23 poisoned darts (quivered)
 e - 3 curare-tipped darts
 f - 5 large rocks
 k - 41 stones
 x - a silver boomerang
 A - 4 atropa-tipped darts
 D - 2 javelins
Armour
 c - a +1 cloak (worn)
 g - a +0 robe
 m - a +0 helmet (worn)
 q - a +0 ring mail (worn)
 u - the +0 scale mail of the Wasteland {Drain +Blink rC- Will+++}
   (You found it on level 6 of the Dungeon)

   rC:        It makes you vulnerable to cold.
   +Blink:    It lets you blink.
   Drain:     It drains your maximum health when unequipped.
   Will:      It greatly increases your willpower.
Jewellery
 E - a +5 ring of evasion
Wands
 B - a wand of flame (24)
Scrolls
 i - a scroll of enchant armour
 n - 4 scrolls of identify
 o - a scroll of immolation
 v - a scroll of enchant weapon {unknown}
 z - 2 scrolls of silence {unknown}
 F - a scroll of poison {unknown}
 G - a scroll of noise {unknown}
Potions
 h - 2 potions of lignification
 l - a potion of mutation {unknown}
 p - 2 potions of curing
 t - a potion of attraction {unknown}
 w - 2 potions of ambrosia {unknown}
 C - a potion of brilliance {unknown}


   Skills:
 * Level 5.7 Fighting
 + Level 7.2 Short Blades
 - Level 1.7 Throwing
 + Level 3.1 Dodging
 - Level 4.8 Stealth
 * Level 2.2 Spellcasting
 - Level 4.1 Invocations


You had 12 spell levels left.
You didn't know any spells.
Your spell library contained the following spells:

 Spells                   Type           Power      Damage    Failure   Level
 Summon Small Mammal      Summ           4%         N/A       52%         1
 Call Canine Familiar     Summ           1%         N/A       87%         3
 Summon Guardian Golem    Hex/Summ       1%         N/A       87%         3


Dungeon Overview and Level Annotations

Branches:
Dungeon (7/15)
 Temple: D:4-7

Altars:
Cheibriados
Kikubaaqudgha
Makhleb
Nemelex Xobeh
Ru
Xom

Shops:
D:5 !


Innate Abilities, Weirdness & Mutations

You have razor-sharp teeth.
Your natural rate of healing is unusually fast.
When hurt, damage is shared between your health and your magic reserves.
Your bite disrupts and absorbs the magic of your enemies.
Potions cannot restore your health.


Message History

Your bite misses the acid dragon.
The acid dragon is lightly wounded.
The acid dragon bites you. The acid dragon claws you.
You hit the acid dragon but do no damage.
Your bite misses the acid dragon.
The acid dragon is lightly wounded.
The acid dragon closely misses you. The acid dragon barely misses you.
You hit the acid dragon.
You bite the acid dragon, but do no damage.
The acid dragon is lightly wounded.
The acid dragon bites you. The acid dragon barely misses you.
You closely miss the acid dragon.
The acid dragon is lightly wounded.
The acid dragon bites you but does no damage.
The acid dragon claws you.
You hit the acid dragon. You bite the acid dragon. You drain its power.
You feel invigorated.
The acid dragon is heavily wounded.
The acid dragon spits acid at you. The splash of acid hits you!!
* * * LOW HITPOINT WARNING * * *
You hit the acid dragon but do no damage.
The acid dragon looks even sicker.
The acid dragon is heavily wounded.
The acid dragon bites you!
* * * LOW HITPOINT WARNING * * *
The acid dragon claws you.
* * * LOW HITPOINT WARNING * * *
You hit the acid dragon but do no damage.
The acid dragon looks as sick as possible!
The acid dragon is heavily wounded.
You are no longer corroded.
The acid dragon bites you but does no damage.
The acid dragon claws you but does no damage.
You closely miss the acid dragon. You bite the acid dragon.
You drain its power.
You feel invigorated.
The acid dragon is severely wounded.
The acid dragon spits acid at you. The splash of acid hits you!!
You die...

#.###. ##..##..#
.. #. #####..#
#..# #..# #..#
#..# #..# #..#
.#######@.#
.......D..#
.########.......
########


You could see an acid dragon (extremely poisoned, catching breath).

Vanquished Creatures
  A water moccasin (D:6)
  4 black bears
  2 ogres
  A phantom (D:6)
  A bullfrog (D:6)
  2 scorpions
  4 killer bees
  A howler monkey (D:6)
  A crimson imp (D:3)
  3 orc priests
  4 jellies
  4 hounds
  5 iguanas
  Natasha (thrice) (D:2)
  2 orc wizards (D:6)
  5 adders
  A white imp (D:5)
  2 ufetubi
  5 worms
  2 dart slugs (D:1)
  17 orcs
  3 ball pythons
  3 bats
  7 endoplasms
  3 giant cockroaches
  10 goblins
  5 hobgoblins
  5 kobolds
  5 quokkas
  3 frilled lizards
  3 rats (D:1)
117 creatures vanquished.

Vanquished Creatures (others)
  A fungus (D:5)
  A plant (D:5)
2 creatures vanquished.

Grand Total: 119 creatures vanquished

Notes
Turn   | Place    | Note
-------+----------+-------------------------------------------
     0 | D:1      | jimonade the Vine Stalker Brigand began the quest for the
                  | Orb.
     0 | D:1      | Reached XP level 1. HP: 11/11 MP: 2/2
    39 | D:1      | Reached skill level 2 in Short Blades
   176 | D:1      | Reached XP level 2. HP: 13/15 MP: 1/3
   315 | D:1      | Reached skill level 3 in Short Blades
   348 | D:1      | Reached XP level 3. HP: 18/18 MP: 4/4
  1261 | D:2      | Noticed Natasha
  1267 | D:2      | Killed Natasha
  1268 | D:2      | Reached skill level 4 in Short Blades
  1268 | D:2      | Gained mutation: Your natural rate of healing is unusually
                  | fast. [Vine Stalker growth]
  1268 | D:2      | Reached XP level 4. HP: 16/23 MP: 2/5
  1341 | D:2      | Noticed Natasha
  1344 | D:2      | Killed Natasha
  1441 | D:3      | Reached XP level 5. HP: 26/26 MP: 6/6
  1537 | D:3      | Reached skill level 5 in Short Blades
  1691 | D:3      | Found a shimmering altar of Xom.
  1691 | D:3      | Found a burning altar of Makhleb.
  1790 | D:3      | Found a faded altar of an unknown god.
  1824 | D:3      | Found a snail-covered altar of Cheibriados.
  1863 | D:3      | Reached XP level 6. HP: 30/30 MP: 7/7
  2205 | D:4      | Found a sparkling altar of Nemelex Xobeh.
  2291 | D:4      | You fall into a shaft and drop 2 floors!
  2301 | D:6      | Reached skill level 1 in Invocations
  2351 | D:6      | Identified the +0 scale mail of the Wasteland {Drain +Blink
                  | rC- Will+++}
  2364 | D:6      | Reached skill level 1 in Dodging
  2405 | D:6      | Found an ancient bone altar of Kikubaaqudgha.
  2416 | D:6      | Reached skill level 6 in Short Blades
  2439 | D:6      | Reached XP level 7. HP: 33/35 MP: 6/9
  2514 | D:5      | Entered Level 5 of the Dungeon
  2514 | D:5      | Found Uliq's Distillery.
  2784 | D:5      | Found a sacrificial altar of Ru.
  3011 | D:5      | Found a sand-covered staircase.
  3762 | D:4      | Gained mutation: You have razor-sharp teeth. [Vine Stalker
                  | growth]
  3762 | D:4      | Reached XP level 8. HP: 40/40 MP: 11/11
  4438 | D:2      | Noticed Natasha
  4441 | D:2      | Killed Natasha
  4784 | D:5      | Became a worshipper of Ru the Awakened
  5085 | D:6      | Reached skill level 1 in Spellcasting
  5124 | D:6      | Reached skill level 5 in Fighting
  5124 | D:6      | Reached skill level 7 in Short Blades
  5278 | D:6      | Reached XP level 9. HP: 39/47 MP: 10/13
  6166 | D:7      | Killed from afar by an acid dragon

Illustrated notes

Levels and vault maps discovered:
D:1:      dreamdust_arrival_beginning_and_end, layout_basic
D:2:      layout_basic, uniq_natasha
D:3:      layout_rooms, mainiacjoe_overflow_paths,
          grunt_temple_overflow_champion_of_chaos, nicolae_ecumenical_oubliette
D:4:      layout_loops_corners, nemelex_xobeh_ov_fountains_minmay,
          roderic_lattice_a
D:5:      layout_loops_ring, nicolae_ru_the_path_less_chosen, serial_shops,
          nicolae_take_the_stairs, nicolae_ossuary_entry_false_entrances
D:6:      layout_layer_cave, mainiacjoe_overflow_boulevard,
          minmay_quadrilaterals
D:7:      layout_basic, nicolae_overflow_hidden_temple,
          minmay_temple_entry_antechambers, nicolae_titane

Skill      XL: |  1  2  3  4  5  6  7  8  9 |
---------------+----------------------------+-----
Short Blades   | 2 3 4 5 6 7 |  7.2
Fighting       | 2 3 5 |  5.7
Invocations    | 1 3 4 |  4.1
Dodging        | 1 2 3 |  3.1
Spellcasting   | 1 2 |  2.2
Throwing       | |  1.7
Stealth        | |  4.8

Action                     |  1- 3 |  4- 6 |  7- 9 || total
---------------------------+-------+-------+-------++-------
  Melee: Dagger            |    60 |       |       ||    60
         Bite              |    11 |    36 |    50 ||    97
         Punch             |     1 |       |     2 ||     3
         Spear             |    15 |   108 |   186 ||   309
   Fire: Sling             |     9 |       |       ||     9
    Use: Scroll            |     3 |     6 |       ||     9
   Stab: Sleeping          |    14 |     8 |    12 ||    34
         Distracted        |       |       |     1 ||     1
 Armour: Robe              |    12 |     2 |       ||    14
         Ring mail         |       |    19 |    78 ||    97
  Dodge: Dodged            |    14 |    28 |   117 ||   159

Table legend: (Time is in decaauts)
 A = Elapsed time spent in this place.
 B = Non-inter-level travel time spent in this place.
 C = Inter-level travel time spent in this place.
 D = Time resting spent in this place.
 E = Time spent auto-exploring this place.
 F = Levels seen in this place.
 G = Mean time per level.
                   A        B        C        D        E       F      G
               +--------+--------+--------+--------+--------+-----+--------+
         Total |   6210 |   5435 |    775 |    552 |   3679 |   7 |  887.1 |
       Dungeon |   6210 |   5435 |    775 |    552 |   3679 |   7 |  887.1 |
               +--------+--------+--------+--------+--------+-----+--------+

Top non-repeatable levels by time:
     D:6: 1597 daAuts
     D:5: 1153 daAuts
     D:4: 1045 daAuts
     D:3: 853 daAuts
     D:1: 787 daAuts
     D:2: 698 daAuts
     D:7: 74 daAuts
